 Dungeon Crawl Stone Soup version 0.24.1-8-ga250c9d538 (webtiles) character file.

Game seed: 4962609306888420626, levelgen mode: deterministic

2692 Peloso the Slasher (level 9, 0/77 HPs)
             Began as a Ghoul Fighter on May 3, 2020.
             Was a Follower of Okawaru.
             Splashed by an orc's acid (12 damage)
             ... on level 7 of the Dungeon.
             The game lasted 00:15:45 (6501 turns).

Peloso the Slasher (Ghoul Fighter)                  Turns: 6501, Time: 00:15:46

Health: 0/77       AC: 13    Str: 21    XL:     9   Next: 65%
Magic:  8/8        EV:  5    Int:  3    God:    Okawaru [*.....]
Gold:   729        SH: 12    Dex: 16    Spells: 8/8 levels left

rFire    . . .     SeeInvis .   a - +1 long sword
rCold    + . .     Gourm    .   c - +1 shield
rNeg     + + +     Faith    .   n - +0 plate armour
rPois    ∞         Spirit   .   q - +2 hat
rElec    .         Reflect  .   (no cloak)
rCorr    .         Harm     .   l - +0 pair of gloves
MR       .....                  k - +0 pair of boots
Stlth    ..........             (no amulet)
HPRegen  0.00/turn              h - +6 ring of dexterity
MPRegen  0.11/turn              (no ring)

@: corroded, rotting
A: rotting body, claws 1, carnivore, cold resistance 1, negative energy
resistance 3, inhibited regeneration, torment resistance, unbreathing
a: Heroism, Renounce Religion


You were on level 7 of the Dungeon.
You worshipped Okawaru.
Okawaru was aware of your devotion.
You were not hungry.

You visited 2 branches of the dungeon, and saw 8 of its levels.
You also visited: Sewer.

You collected 729 gold pieces.

Inventory:

Hand Weapons
 a - a +1 long sword (weapon)
 p - the +11 quarterstaff "Grim Tooth" {crush, Dex+7}
   (You took it off an orc on level 4 of the Dungeon)

   It inflicts extra damage upon your enemies.
   It affects your dexterity (+7).
Armour
 b - a +0 scale mail
 c - a +1 shield (worn)
 k - a +0 pair of boots (worn)
 l - a +0 pair of gloves (worn)
 n - a +0 plate armour (worn)
 q - a +2 hat (worn)
Jewellery
 h - a +6 ring of dexterity (left hand)
Wands
 d - a wand of flame (9)
Scrolls
 g - 3 scrolls of enchant armour
 i - 6 scrolls of remove curse
 m - 3 scrolls of teleportation
Potions
 s - a potion of invisibility {unknown}
 t - 3 potions of agility
 u - a potion of degeneration {unknown}
 w - a potion of haste {unknown}
Comestibles
 f - 12 rations


   Skills:
 + Level 6.3 Fighting
 + Level 7.7 Long Blades
 + Level 5.8 Armour
 + Level 1.2 Dodging
 + Level 0.5 Stealth
 + Level 6.2 Shields


You had 8 spell levels left.
You didn't know any spells.
Your spell library contained the following spells:

 Spells                   Type           Power        Failure   Level  Hunger
 Animate Skeleton         Necr           N/A          100%        1    ##.....
 Apportation              Tloc           #.....       100%        1    ##.....
 Confusing Touch          Hex            #.....       100%        1    ##.....
 Summon Small Mammal      Summ           #...         100%        1    ##.....


Dungeon Overview and Level Annotations

Branches:
Dungeon (7/15)             Temple (1/1) D:5           Sewer (visited)

Altars:
Ashenzari
Cheibriados
Dithmenos
Elyvilon
Fedhas
Gozag
Hepliaklqana
Kikubaaqudgha
Makhleb
Nemelex Xobeh
Okawaru
Qazlal
Ru
Trog
Uskayaw
Vehumet
Wu Jian
Yredelemnul
Zin
The Shining One


Innate Abilities, Weirdness & Mutations

Your body is rotting away.
You thrive on raw meat.
You are immune to poison.
You have sharp fingernails.
You are carnivorous and can eat meat at any time.
Your flesh is cold resistant. (rC+)
You are immune to negative energy. (rN+++)
You do not regenerate when monsters are visible.
You are immune to unholy pain and torment.
You can survive without breathing.


Message History

The orc wizard is severely wounded.
You block the orc wizard's attack.
You hit the orc wizard.
You kill the orc wizard!
Okawaru accepts your kill.
The orc zaps a wand.
The orc creates a blast of freezing vapour!
You slash the orc!
You kill the orc!
Okawaru accepts your kill.
You are engulfed in freezing vapours.
You resist.
The orc zaps a wand.
The bolt of acid hits the orc!
The orc is splashed with acid.
The acid corrodes the orc!
The orc dies!
The bolt of acid hits you! The acid corrodes you!
You are splashed with acid!
You are engulfed in freezing vapours.
You resist.
The orc zaps a wand.
The bolt of acid hits you!!
* * * LOW HITPOINT WARNING * * *
You are splashed with acid!
You die...

##.P♣≈≈≈≈PP P.PP♣≈≈≈PP
P≈≈♣≈≈PPP ≈≈♣PP P.#
≈P≈PP##.# P≈P.....#
P######.## #
.........###########...#
.######.......§§@§o....#
.#...>..############.#.#
.#.####.# .#.# #.# .#.#
#.# #.# .#.####.# #.#
........# #.# ##.######
#.# #.# ###### #.#


You could see an orc.

Vanquished Creatures
  Prince Ribbit (D:5)
  Grinder (D:5)
  A water moccasin (D:6)
  Purgy (D:3)
  2 ice beasts (D:5)
  A black bear (D:6)
  2 phantoms
  5 ogres
  A crocodile (Sewer)
  4 bullfrogs (D:6)
  2 scorpions
  A quasit (D:6)
  2 jellies
  A bullfrog zombie (D:6)
  3 bullfrog skeletons
  2 orc priests (D:6)
  A hound (D:5)
  A worker ant (D:6)
  7 orc wizards
  2 hound zombies
  A hound skeleton (D:4)
  A worker ant zombie (D:5)
  6 adders
  A gnoll (D:5)
  2 shadow imps (D:5)
  An ooze (D:5)
  2 worms (D:2)
  2 dart slugs
  5 leopard geckos
  19 orcs
  A ball python (D:6)
  7 giant cockroaches
  2 hobgoblins
  8 jackals
  9 kobolds
  6 quokkas
  14 bats
  8 frilled lizards
  4 goblins
  A goblin skeleton (D:6)
  2 goblin zombies (D:6)
  3 hobgoblin zombies (D:6)
  3 kobold skeletons (D:6)
  A kobold zombie (D:6)
  2 orc zombies (D:6)
  A quokka skeleton (D:5)
  7 rats
160 creatures vanquished.

Vanquished Creatures (others)
  An orc (D:7)
1 creature vanquished.

Grand Total: 161 creatures vanquished

Notes
Turn   | Place    | Note
-------+----------+-------------------------------------------
     0 | D:1      | Peloso the Ghoul Fighter began the quest for the Orb.
     0 | D:1      | Reached XP level 1. HP: 19/19 MP: 0/0
   254 | D:1      | Reached XP level 2. HP: 26/26 MP: 1/1
   520 | D:1      | You fall into a shaft and drop 1 floor!
   761 | D:2      | Reached skill level 2 in Long Blades
   761 | D:2      | Reached XP level 3. HP: 27/33 MP: 2/2
  1006 | D:2      | Reached XP level 4. HP: 25/39 MP: 3/3
  1045 | D:2      | Noticed an angel
  1046 | D:2      | Found a glowing silver altar of Zin.
  1313 | D:2      | Found an ancient bone altar of Kikubaaqudgha.
  1331 | D:2      | Reached skill level 3 in Long Blades
  1383 | D:2      | Noticed an ogre
  1388 | D:2      | Killed an ogre
  1388 | D:2      | Reached XP level 5. HP: 22/46 MP: 4/4
  1883 | D:3      | Noticed Purgy
  1919 | D:3      | HP: 2/46 [Purgy (3)]
  1927 | D:3      | HP: 1/46 [goblin/+0 dagger (1)]
  2338 | D:3      | Killed Purgy
  2338 | D:3      | Reached skill level 1 in Dodging
  2338 | D:3      | Reached XP level 6. HP: 36/50 MP: 5/5
  3071 | D:3      | Reached skill level 4 in Long Blades
  3071 | D:3      | Reached XP level 7. HP: 40/59 MP: 6/6
  3491 | D:4      | Identified the +11 quarterstaff "Grim Tooth" {crush, Dex+7}
  3546 | D:4      | Reached skill level 5 in Long Blades
  4029 | D:5      | Entered Level 5 of the Dungeon
  4037 | D:5      | Reached skill level 5 in Fighting
  4188 | D:5      | Noticed Prince Ribbit
  4205 | D:5      | Killed Prince Ribbit
  4205 | D:5      | Reached XP level 8. HP: 26/67 MP: 7/7
  4212 | D:5      | Noticed Grinder
  4224 | D:5      | Paralysed by Grinder for 3 turns
  4231 | D:5      | Paralysed by Grinder for 6 turns
  4245 | D:5      | Killed Grinder
  4245 | D:5      | Reached skill level 5 in Shields
  4700 | D:5      | Reached skill level 6 in Long Blades
  4991 | D:5      | Reached XP level 9. HP: 72/75 MP: 8/8
  5069 | D:5      | Found a staircase to the Ecumenical Temple.
  5079 | Temple   | Entered the Ecumenical Temple
  5260 | Temple   | Became a worshipper of Warmaster Okawaru
  5483 | D:6      | Found a glowing drain.
  5538 | Sewer    | Entered a sewer
  5595 | Sewer    | Reached skill level 5 in Armour
  5679 | D:6      | Reached skill level 7 in Long Blades
  5850 | D:6      | Found a glowing golden altar of the Shining One.
  6111 | D:6      | Reached * piety under Okawaru
  6333 | D:6      | Found a stormy altar of Qazlal.
  6340 | D:6      | Found a shadowy altar of Dithmenos.
  6501 | D:7      | Splashed by an orc's acid

Levels and vault maps discovered:
D:1:      lightli_arrival_chessboard, layout_loops_ring
D:2:      layout_loops_corners, kiku_gazebo_pond_becter, zin_angel, first_ration
D:3:      layout_loops_cross, uniq_purgy
D:4:      layout_loops_cross
D:5:      minmay_polygon_palace, layout_basic, lemuel_temple_firewalk_b,
          uniq_prince_ribbit1, uniq_grinder
D:6:      layout_cave_pools, nicolae_tso_besieged_by_evil,
          amethyst_overflow_temple_binary, gup_sewer_entry_glass
D:7:      layout_loops_ring, xom_teletrap_fun, kennysheep_mini,
          nicolae_ossuary_entry_plus, serial_bayou, serial_bayou_shore_a,
          serial_bayou_shore_b, serial_bayou_pond_a, serial_bayou_lagoon_a,
          minmay_lizard_king
Temple:   regret_index_temple_generic_petals

Skill      XL: |  1  2  3  4  5  6  7  8  9 |
---------------+----------------------------+-----
Armour         | 3 4 5 |  5.8
Long Blades    | 2 3 4 5 6 7 |  7.7
Shields        | 3 4 5 6 |  6.2
Fighting       | 4 5 6 |  6.3
Dodging        | 1 |  1.2
Stealth        | |  0.5

Action                   |  1- 3 |  4- 6 |  7- 9 || total
-------------------------+-------+-------+-------++-------
Melee: Long sword        |   127 |   168 |   428 ||   723
  Use: Scroll            |     3 |       |     9 ||    12
       Potion            |       |     3 |       ||     3
  Eat: Chunk             |     5 |    12 |    18 ||    35
Armor: Scale mail        |    22 |       |       ||    22
       Plate armour      |    73 |   201 |   329 ||   603
Dodge: Dodged            |    25 |    38 |   117 ||   180
Block: Shield            |    71 |   166 |   293 ||   530
       Rpst.: Long sword |     6 |    10 |    34 ||    50
